 Dungeon Crawl Stone Soup version 0.30-a0-860-g512cf1e979 (webtiles) character file.

Game seed: 6518546895526231149

69 Darius099 the Caller (level 4, -13/27 HPs)
             Began as an Octopode Summoner on Mar 7, 2023.
             Mangled by an ogre
             ... wielding a +0 giant club
              (28 damage)
             ... on level 4 of the Dungeon.
             The game lasted 00:04:55 (1603 turns).

Darius099 the Caller (Octopode Summoner)            Turns: 1603, Time: 00:04:56

Health: -13/27     AC:  1    Str:  7    XL:     4   Next: 20%
Magic:  4/8        EV: 13    Int: 19    God:
Gold:   62         SH:  0    Dex: 12    Spells: 4/8 levels left

rFire   . . .      SeeInvis .    (no weapon)
rCold   . . .      Faith    .    (no shield)
rNeg    . . .      Spirit   .    (helmet restricted)
rPois   .          Reflect  .    (no amulet)
rElec   .          Rampage  .    (no ring)
rCorr   .                        (no ring)
Will    .....                    (no ring)
Stlth   +++                      (no ring)
HPRegen 0.24/turn                (no ring)
MPRegen 0.11/turn                (no ring)
                                 (no ring)
                                 (no ring)

@: no status effects
A: almost no armour, amphibious, 8 rings, camouflage 1, gelatinous body 1,
(nimble swimmer 1), tentacles
a: no special abilities


You were on level 4 of the Dungeon.
You visited 1 branch of the dungeon, and saw 3 of its levels.

You collected 62 gold pieces.

Inventory:

Scrolls
 c - 2 scrolls of identify {unknown}
Potions
 a - a potion of magic
 b - a potion of curing {unknown}
 d - 2 potions of might {unknown}
 e - a potion of brilliance {unknown}


   Skills:
 - Level 2.2 Dodging
 + Level 4.0 Stealth
 + Level 2.7 Spellcasting
 + Level 4.5 Summonings


You had 4 spell levels left.
You knew the following spells:

 Your Spells              Type           Power      Damage    Failure   Level
a - Summon Small Mammal   Summ           76%        N/A       2%          1
b - Summon Guardian Gole  Hex/Summ       11%        N/A       19%         3

Your spell library contained the following spells:

 Spells                   Type           Power      Damage    Failure   Level
 Call Imp                 Summ           19%        N/A       3%          2
 Call Canine Familiar     Summ           19%        N/A       7%          3
 Summon Lightning Spire   Summ/Air       11%        N/A       52%         4
 Olgreb's Toxic Radiance  Pois           2%         N/A       83%         4
 Ozocubu's Refrigeration  Ice            1%         4d7       100%        7
 Ignition                 Fire           1%         3d3       100%        8


Dungeon Overview and Level Annotations

Branches:
Dungeon (2/15)

Altars:


Innate Abilities, Weirdness & Mutations

You cannot wear most types of armour.
You are amphibious.
You can wear up to eight rings at the same time.
Your skin changes colour to match your surroundings (Stealth+).
Your rubbery body absorbs attacks. (AC +1, EV +1)
((You are camouflaged when in or above water. (Stealth+)))
You have tentacles for arms and can constrict up to eight enemies at once.


Message History

The adder is severely wounded.
You constrict the adder, but do no damage.
Your quokka closely misses the adder.
Your quokka bites the adder.
The adder bites you.
You barely miss the adder.
The adder is almost dead.
You constrict the adder.
You kill the adder!
You start resting.
Your quokka disappears in a puff of smoke! x2
HP restored.
Found 4 stones.
A black bear comes into view.
Casting: Summon Small Mammal (safe; 2% risk of failure)
Confirm with . or Enter, or press ? or * to list all spells.
Casting: Summon Small Mammal (safe; 2% risk of failure)
Confirm with . or Enter, or press ? or * to list all spells.
Something hits your quokka!
Your quokka dies!
Your quokka's corpse disappears in a puff of smoke!
Casting: Summon Small Mammal (safe; 2% risk of failure)
Confirm with . or Enter, or press ? or * to list all spells.
An ogre comes into view. It is wielding a +0 giant club.
Your quokka bites the black bear.
The black bear bites your quokka!
Your quokka dies!
Your quokka's corpse disappears in a puff of smoke!
Your rat bites the ogre.
Your rat barely misses the ogre.
The black bear attacks as you move away!
The black bear bites you! The black bear closely misses you.
The black bear claws you.
Casting: Summon Small Mammal (safe; 2% risk of failure)
Confirm with . or Enter, or press ? or * to list all spells.
The ogre closely misses you. The black bear barely misses you.
The black bear closely misses you. The black bear claws you.
Your rat completely misses the ogre.
The ogre attacks as you move away!
The ogre hits you with a +0 giant club!!
Ouch! That really hurt!
You die...

#... #.#######.# .
#..####.# #..# .
#....#..# ##..## .
#....## ##....###
##....###.......#
.
##.##....###..(...
.. #.b###..##
#..###. .. ##.##
#..# #..# #.###h@#
#..# ##.# #....O##
#... .# #..##.r##
..... .. ##..#
.......
##...........
........## .#.....
!#....# ## ...#


You could see a black bear (ally target), an ogre (ally target), a friendly bat
(summoned) and a friendly rat (summoned).

Vanquished Creatures
  3 adders
  A dart slug (D:1)
  An endoplasm (D:1)
  3 giant cockroaches (D:1)
  A goblin (D:1)
  2 hobgoblins (D:1)
  3 quokkas (D:1)
  5 bats
  A giant cockroach zombie (D:2)
  3 kobolds (D:1)
  A quokka zombie (D:2)
  2 rats (D:1)
26 creatures vanquished.

Vanquished Creatures (collateral kills)
  A ball python (D:1)
  A bat skeleton (D:2)
  2 endoplasms (D:1)
  2 giant cockroaches
  3 goblins
  3 kobolds (D:1)
  A rat (D:2)
13 creatures vanquished.

Grand Total: 39 creatures vanquished

Notes
Turn   | Place    | Note
-------+----------+-------------------------------------------
     0 | D:1      | Darius099 the Octopode Summoner began the quest for the
                  | Orb.
     0 | D:1      | Reached XP level 1. HP: 11/11 MP: 3/3
   195 | D:1      | Reached XP level 2. HP: 4/17 MP: 1/5
   627 | D:1      | Reached XP level 3. HP: 21/21 MP: 6/6
  1162 | D:2      | Learned a level 3 spell: Summon Guardian Golem
  1318 | D:2      | Reached XP level 4. HP: 23/27 MP: 4/7
  1361 | D:2      | You fall into a shaft and drop 2 floors!
  1594 | D:4      | Noticed a black bear
  1598 | D:4      | Noticed an ogre
  1603 | D:4      | Mangled by an ogre

Illustrated notes

Levels and vault maps discovered:
D:1:      reono_arrival_forest_river, layout_loops_corners
D:2:      layout_basic, serial_undead, serial_undead_a, serial_undead_a,
          serial_undead_c, serial_undead_f, serial_undead_c, serial_undead_b,
          basic_altar
D:4:      layout_layer_cave

Skill      XL: |  1  2  3  4 |
---------------+-------------+-----
Stealth        | 3 4 |  4.0
Dodging        | |  2.2
Spellcasting   | |  2.7
Summonings     | |  4.5

Action                     |  1- 3 |  4- 6 || total
---------------------------+-------+-------++-------
  Melee: Unarmed           |    92 |     9 ||   101
         Constrict         |    25 |     2 ||    27
         Tentacles         |    29 |       ||    29
         Punch             |     1 |       ||     1
   Cast: Summon Small Mamm |    20 |    10 ||    30
   Stab: Sleeping          |     7 |       ||     7
 Armour: Skin              |    22 |     2 ||    24
  Dodge: Dodged            |    99 |     4 ||   103

Table legend: (Time is in decaauts)
 A = Elapsed time spent in this place.
 B = Non-inter-level travel time spent in this place.
 C = Inter-level travel time spent in this place.
 D = Time resting spent in this place.
 E = Time spent auto-exploring this place.
 F = Levels seen in this place.
 G = Mean time per level.
                   A        B        C        D        E       F      G
               +--------+--------+--------+--------+--------+-----+--------+
         Total |   1602 |   1582 |     20 |    117 |    938 |   3 |  534.0 |
       Dungeon |   1602 |   1582 |     20 |    117 |    938 |   3 |  534.0 |
               +--------+--------+--------+--------+--------+-----+--------+

Top non-repeatable levels by time:
     D:1: 1100 daAuts
     D:2: 260 daAuts
     D:4: 241 daAuts
